 Dungeon Crawl Stone Soup version 0.21.1-1-g345015f (console) character file.

4168 Raikon the Grappler (level 10, 0/92 HPs)
             Began as a Troll Monk on May 2, 2018.
             Was an Elder of Makhleb.
             Slain by a two-headed ogre
             ... wielding a +0 giant spiked club
              (12 damage)
             ... on level 8 of the Dungeon.
             The game lasted 00:25:28 (6373 turns).

Raikon the Grappler (Troll Monk)                    Turns: 6373, Time: 00:25:29

Health: 0/92       AC:  7    Str: 23    XL:     10   Next: 7%
Magic:  9/9        EV: 14    Int: 16    God:    Makhleb [****..]
Gold:   426        SH:  0    Dex: 13    Spells: 9/9 levels left

rFire    . . .     SeeInvis +     - Unarmed
rCold    . . .     Gourm    +   (no shield)
rNeg     . . .     Faith    .   a - +0 robe
rPois    .         Spirit   .   w - +2 hat
rElec    .         Reflect  .   (no cloak)
rCorr    .         Harm     .   (gloves unavailable)
MR       .....                  (boots unavailable)
Stlth    ++........             (no amulet)
HPRegen  0.65/turn              N - ring of see invisible
MPRegen  0.11/turn              R - +5 ring of intelligence

@: brilliant
A: large, unfitting armour, claws 3, fast metabolism 3, gourmand, regeneration
1, shaggy fur 1, tough skin 2
a: Minor Destruction, Lesser Servant of Makhleb, Major Destruction, Renounce
Religion


You were on level 8 of the Dungeon.
You worshipped Makhleb.
Makhleb was greatly pleased with you.
You were not hungry.

You visited 2 branches of the dungeon, and saw 9 of its levels.

You collected 426 gold pieces.

Inventory:

Hand Weapons
 K - a cursed -3 flail
 M - a +0 blowgun
 O - a +0 giant club
Missiles
 m - 29 poisoned needles
 B - 2 tomahawks (quivered)
 L - 2 throwing nets
 Q - 5 curare-tipped needles
Armour
 a - a +0 robe (worn)
 l - a +0 ring mail
 w - a +2 hat (worn)
Magical Staves
 r - an uncursed staff of conjuration
Jewellery
 C - an uncursed ring of fire
 E - an uncursed ring of magical power
 N - a ring of see invisible (left claw)
 R - a +5 ring of intelligence (right claw)
Wands
 v - a wand of polymorph (7)
 x - a wand of random effects (14)
 A - a wand of flame (12)
 D - a wand of paralysis (3)
 G - a wand of digging (16)
Scrolls
 c - 3 scrolls of fog
 d - 8 scrolls of remove curse
 e - a scroll of amnesia
 k - 5 scrolls of teleportation
 n - a scroll of enchant weapon
 u - a scroll of enchant armour {unknown}
 y - 2 scrolls of fear {unknown}
 z - 3 scrolls of identify
 F - a scroll of immolation {unknown}
 J - a scroll of acquirement {unknown}
 P - 2 scrolls of random uselessness {unknown}
Potions
 f - 2 potions of resistance {unknown}
 g - 2 potions of curing
 h - a potion of ambrosia
 i - a potion of brilliance
 j - 2 potions of might {unknown}
 o - 2 potions of flight {unknown}
 p - 3 potions of lignification {unknown}
 q - a potion of agility
 s - 2 potions of invisibility {unknown}
 t - 2 potions of degeneration {unknown}
 H - a potion of haste {unknown}
 I - 2 potions of mutation {unknown}
 S - a potion of heal wounds {unknown}
Comestibles
 b - 18 rations


   Skills:
 + Level 4.1 Fighting
 - Level 8.0 Dodging
 - Level 1.0 Stealth
 - Level 11.1 Unarmed Combat


You had 9 spell levels left.
You didn't know any spells.

Dungeon Overview and Level Annotations

Branches:
Dungeon (8/15)             Temple (1/1) D:6
   Lair: D:8-11

Altars:
Ashenzari
Cheibriados
Dithmenos
Elyvilon
Fedhas
Gozag
Hepliaklqana
Kikubaaqudgha
Makhleb
Nemelex Xobeh
Okawaru
Qazlal
Ru
Sif Muna
Trog
Uskayaw
Vehumet
Wu Jian
Xom
Yredelemnul
Zin
The Shining One

Shops:
D:4 (   D:5 *


Innate Abilities, Weirdness & Mutations

You are too large for most types of armour.
You have claws for hands.
Your metabolism is lightning-fast.
You like to eat raw meat.
Your natural rate of healing is unusually fast.
You are covered in fur. (AC +1)
You have very tough skin. (AC +2)


Message History

The two-headed ogre is severely wounded.
The two-headed ogre hits you with a giant spiked club!!
* * * LOW HITPOINT WARNING * * *
The two-headed ogre misses you. The quokka barely misses you.
Okay, then.
It was a potion of ambrosia.
You are confused.
You feel invigorated. The quokka barely misses you.
You're too confused!
It was a potion of curing.
You feel better.
You feel less invigorated.
The two-headed ogre barely misses you. x2
You scratch the two-headed ogre.
The two-headed ogre is severely wounded.
The two-headed ogre hits you with a giant spiked club!!
* * * LOW HITPOINT WARNING * * *
The two-headed ogre completely misses you.
You feel better.
It was a potion of brilliance.
You feel clever all of a sudden.
The two-headed ogre hits you with a giant spiked club!
You die...

#..>...................
###'##############.....
#.# #..... #.# #######
#..... #.# (......
#..... #.####.......
#..... #....#...?...
#..... ##...#.......
#..... #...#.......
###### #..†#.......
#..@Or......
#...#.......
#####....... .......
....... ....... ######.


You could see a two-headed ogre and a quokka.

Vanquished Creatures
  Pikel (D:5)
  The ghost of Mythic the Poker, a novice DsAK of Lugonu (D:6)
  Grinder (D:3)
  Eustachio (D:5)
  Sigmund (D:3)
  A hungry ghost (D:6)
  Edmund (D:5)
  3 slaves (D:5)
  2 sky beasts (D:8)
  3 ogres
  An ice beast (D:7)
  2 phantoms (D:7)
  A centaur (D:8)
  A big kobold (D:8)
  Blork the orc (D:6)
  4 bullfrogs
  A scorpion (D:8)
  5 crimson imps
  A gnoll shaman (D:4)
  4 hounds
  4 orc wizards
  3 orc priests
  A jelly (D:7)
  A bullfrog skeleton (D:7)
  Jessica (D:3)
  Terence (D:2)
  Natasha (thrice) (D:2)
  2 iguanas
  10 worker ants
  2 hound zombies
  11 gnolls
  8 adders
  A shadow imp (D:5)
  2 oozes
  2 adder skeletons (D:4)
  A worm (D:2)
  A dart slug (D:3)
  7 leopard geckos
  24 orcs
  2 ball pythons
  9 bats
  2 giant cockroaches
  7 hobgoblins
  9 jackals
  2 quokkas
  5 frilled lizards
  9 goblins
  6 kobolds
  A quokka skeleton (D:6)
  7 rats
180 creatures vanquished.

Notes
Turn   | Place    | Note
-------+----------+-------------------------------------------
     0 | D:1      | Raikon the Troll Monk began the quest for the Orb.
     0 | D:1      | Reached XP level 1. HP: 22/22 MP: 0/0
   148 | D:1      | Reached XP level 2. HP: 29/29 MP: 1/1
   360 | D:1      | Reached skill level 4 in Unarmed Combat
   569 | D:2      | Noticed Natasha
   574 | D:2      | Killed Natasha
   574 | D:2      | Reached XP level 3. HP: 29/36 MP: 2/2
   575 | D:2      | Found an iron altar of Okawaru.
   792 | D:2      | Noticed Natasha
   834 | D:2      | Killed Natasha
   834 | D:2      | Reached skill level 5 in Unarmed Combat
   834 | D:2      | Reached XP level 4. HP: 36/44 MP: 3/3
   872 | D:2      | Noticed Terence
   881 | D:2      | Killed Terence
  1040 | D:2      | Noticed Natasha
  1047 | D:2      | Killed Natasha
  1047 | D:2      | Reached XP level 5. HP: 34/50 MP: 4/4
  1580 | D:3      | Reached skill level 6 in Unarmed Combat
  1715 | D:3      | Noticed Sigmund
  1919 | D:3      | Found a burning altar of Makhleb.
  1928 | D:3      | Became a worshipper of Makhleb the Destroyer
  1928 | D:3      | Reached * piety under Makhleb
  1928 | D:3      | Reached ** piety under Makhleb
  2012 | D:3      | Noticed Grinder
  2017 | D:3      | Noticed Jessica
  2027 | D:3      | Killed Jessica
  2032 | D:3      | Killed Grinder
  2032 | D:3      | Reached skill level 7 in Unarmed Combat
  2032 | D:3      | Reached XP level 6. HP: 45/59 MP: 5/5
  2590 | D:3      | Killed Sigmund
  2590 | D:3      | Reached skill level 8 in Unarmed Combat
  2590 | D:3      | Reached XP level 7. HP: 54/66 MP: 6/6
  2836 | D:4      | Reached skill level 9 in Unarmed Combat
  2883 | D:4      | Found Zuecru Feha's Antique Weapon Shop.
  3180 | D:5      | Entered Level 5 of the Dungeon
  3180 | D:5      | Found Sadaiv's General Store.
  3188 | D:5      | Reached XP level 8. HP: 71/74 MP: 7/7
  3200 | D:5      | Noticed Eustachio
  3280 | D:5      | Killed Eustachio
  3280 | D:5      | Reached skill level 10 in Unarmed Combat
  3300 | D:5      | Reached *** piety under Makhleb
  3470 | D:5      | Found a radiant altar of Vehumet.
  4053 | D:5      | Noticed Edmund
  4061 | D:5      | Killed Edmund
  4061 | D:5      | Reached skill level 11 in Unarmed Combat
  4274 | D:5      | Noticed Pikel
  4292 | D:5      | Killed Pikel
  4292 | D:5      | Reached XP level 9. HP: 80/80 MP: 8/8
  4555 | D:6      | Noticed Mythic's ghost (novice DsAK)
  4566 | D:6      | Killed Mythic's ghost
  4566 | D:6      | Reached skill level 5 in Dodging
  4873 | D:6      | Noticed Blork the orc
  4876 | D:6      | Killed Blork the orc
  4987 | D:6      | Found a staircase to the Ecumenical Temple.
  4995 | Temple   | Entered the Ecumenical Temple
  6216 | D:8      | Reached **** piety under Makhleb
  6216 | D:8      | Reached XP level 10. HP: 91/91 MP: 9/9
  6355 | D:8      | Noticed a two-headed ogre
  6373 | D:8      | Slain by a two-headed ogre

Skill      XL: |  1  2  3  4  5  6  7  8  9 10 |
---------------+-------------------------------+-----
Unarmed Combat | 4 5 7 8 9 11 | 11.1
Dodging        | 4 8 |  8.0
Fighting       | 3 4 |  4.1
Stealth        | |  1.0

Action                   |  1- 3 |  4- 6 |  7- 9 | 10-12 || total
-------------------------+-------+-------+-------+-------++-------
Melee: Unarmed           |    55 |   105 |   309 |    29 ||   498
       Punch             |     2 |     2 |    14 |     1 ||    19
Throw: Tomahawk          |       |       |     1 |       ||     1
Invok: Minor Destruction |       |       |     5 |     3 ||     8
  Use: Scroll            |     1 |     7 |     1 |       ||     9
       Potion            |       |       |       |     4 ||     4
 Stab: Sleeping          |     3 |     4 |     6 |       ||    13
  Eat: Chunk             |    10 |    14 |    33 |     1 ||    58
       Ration            |       |       |     2 |       ||     2
Armor: Robe              |    13 |    28 |    77 |     8 ||   126
Dodge: Dodged            |    25 |    58 |   161 |    33 ||   277
